[ AOE2 MATCH · #482333400 ]
UnrankedIncas vs Franks
[ REPLAY ANALYSIS · EXTRACTED FROM THE RECORDED GAME ]
Feudal
—
Castle
—
Imperial
—
| APM avg | 18.0 |
| APM peak | 35 |
| eAPM avg | 9.7 |
| Villagers / military | 103 / 80 |
Focus
⚔️ 38.3% · 🌾 61.7%
Unknown (2550) ×58 · Spearman ×46 · Kamayuk ×24 · Trade Cart ×16 · Battering Ram ×6 · Fire Galley ×3
Feudal
—
Castle
—
Imperial
—
| APM avg | 12.6 |
| APM peak | 40 |
| eAPM avg | 7.7 |
| Villagers / military | 88 / 99 |
Focus
⚔️ 32.4% · 🌾 67.6%
Samurai ×44 · Spearman ×31 · Trade Cart ×20 · Knight ×14 · Scout Cavalry ×10
Feudal
—
Castle
—
Imperial
—
| APM avg | 12.2 |
| APM peak | 34 |
| eAPM avg | 9.4 |
| Villagers / military | 109 / 223 |
Focus
⚔️ 25.4% · 🌾 74.6%
Knight ×223 · Trade Cart ×24
Feudal
—
Castle
—
Imperial
—
| APM avg | 18.0 |
| APM peak | 39 |
| eAPM avg | 12.3 |
| Villagers / military | 90 / 148 |
Focus
⚔️ 35.6% · 🌾 64.4%
Militia ×71 · Janissary ×64 · Trade Cart ×19 · Trebuchet (Packed) ×7 · Fishing Ship ×6 · Bombard Cannon ×5
Feudal
—
Castle
—
Imperial
—
| APM avg | 16.5 |
| APM peak | 36 |
| eAPM avg | 8.0 |
| Villagers / military | 82 / 170 |
Focus
⚔️ 31.2% · 🌾 68.8%
Knight ×94 · Conquistador ×42 · Skirmisher ×30 · Trade Cart ×16 · Bombard Cannon ×4
Feudal
—
Castle
—
Imperial
—
| APM avg | 21.6 |
| APM peak | 55 |
| eAPM avg | 11.5 |
| Villagers / military | 86 / 282 |
Focus
⚔️ 44.4% · 🌾 55.6%
Chu Ko Nu ×279 · Trade Cart ×16 · Monk ×3
Feudal
—
Castle
—
Imperial
—
| APM avg | 19.1 |
| APM peak | 36 |
| eAPM avg | 14.6 |
| Villagers / military | 144 / 250 |
Focus
⚔️ 30.0% · 🌾 70.0%
Ballista Elephant ×225 · Trade Cart ×51 · Trebuchet (Packed) ×14 · Battering Ram ×11
Feudal
—
Castle
—
Imperial
—
| APM avg | 11.2 |
| APM peak | 33 |
| eAPM avg | 6.6 |
| Villagers / military | 125 / 132 |
Focus
⚔️ 23.1% · 🌾 76.9%
Cavalry Archer ×101 · Monaspa ×31 · Trade Cart ×25
Match map
Initial resources + every placement click. Lines = walls · curves = elevation contours. ◆ gold · ⬟ stone · ● berries · ✦ relic · ◌ wall gap
Your base· ✓ Map-separated
Maranga45's base· ✓ Map-separated
GEvans7's base· ✓ Map-separated
Clodion's base· ✓ Map-separated
Txokolate's base· ✓ Map-separated
捣蛋猫爱导弹's base· ✓ Map-separated
kuzeyin oğlu's base· ✓ Map-separated
剑客Never's base· ✓ Map-separated
Smoothed initial terrain · ◌ = detected wall gap · hover for details
Inputs per minute
— yandjin.xyz - - Maranga45
Build order — yandjin.xyz
First 150 of 246 actions detected
| 0:01 | Research | Loom |
| 0:01 | Create | Villager (Male) ×5 |
| 0:02 | Create | Villager (Male) ×5 |
| 0:11 | Build | House |
| 0:25 | Build | House |
| 1:27 | Create | Villager (Male) |
| 1:54 | Create | Villager (Male) |
| 2:28 | Create | Villager (Male) |
| 2:28 | Create | Villager (Male) |
| 3:01 | Create | Villager (Male) |
| 3:36 | Create | Villager (Male) |
| 4:05 | Create | Villager (Male) |
| 4:06 | Create | Villager (Male) |
| 4:18 | Build | Settlement |
| 4:24 | Create | Villager (Male) |
| 5:42 | Create | Villager (Male) |
| 5:50 | Create | Villager (Male) |
| 6:20 | Create | Villager (Male) |
| 7:05 | Create | Villager (Male) |
| 7:06 | Create | Villager (Male) |
| 8:02 | Build | House |
| 8:05 | Build | House |
| 8:06 | Build | House |
| 8:10 | Research | Feudal Age |
| 9:33 | Build | House |
| 9:34 | Build | House |
| 10:06 | Create | Villager (Male) |
| 10:24 | Build | Settlement |
| 10:32 | Build | Barracks |
| 10:36 | Create | Villager (Male) |
| 10:38 | Research | Wheelbarrow |
| 10:42 | Research | Double-Bit Axe |
| 10:44 | Create | Villager (Male) |
| 11:36 | Build | Blacksmith |
| 12:22 | Create | Villager (Male) |
| 12:22 | Create | Villager (Male) |
| 12:28 | Build | Farm |
| 12:29 | Research | Horse Collar |
| 12:32 | Build | Farm |
| 12:33 | Research | Forging |
| 13:00 | Build | Settlement |
| 13:02 | Build | Farm |
| 13:04 | Create | Villager (Male) |
| 13:26 | Build | Farm |
| 13:28 | Create | Spearman |
| 13:28 | Create | Spearman |
| 13:28 | Create | Spearman |
| 13:48 | Create | Villager (Male) |
| 14:28 | Build | Farm |
| 14:28 | Create | Villager (Male) |
| 14:57 | Build | Farm |
| 15:08 | Create | Villager (Male) |
| 15:09 | Create | Villager (Male) |
| 15:38 | Build | Farm |
| 15:39 | Create | Villager (Male) |
| 15:49 | Build | Farm |
| 15:50 | Build | Farm |
| 15:51 | Build | Farm |
| 15:52 | Build | Farm |
| 15:55 | Create | Villager (Male) |
| 16:03 | Build | Market |
| 16:13 | Build | Farm |
| 16:26 | Build | Farm |
| 16:35 | Create | Villager (Male) |
| 16:39 | Create | Unit 2550 |
| 16:39 | Create | Unit 2550 |
| 16:55 | Build | Farm |
| 17:01 | Create | Villager (Male) |
| 17:13 | Create | Villager (Male) |
| 17:16 | Build | Farm |
| 17:32 | Research | Tech 1402 |
| 17:41 | Build | Farm |
| 17:44 | Create | Villager (Male) |
| 18:21 | Build | Farm |
| 18:25 | Create | Unit 2550 |
| 18:34 | Build | Farm |
| 18:38 | Build | Farm |
| 18:44 | Build | Farm |
| 18:47 | Create | Villager (Male) |
| 18:47 | Create | Villager (Male) |
| 19:11 | Build | Farm |
| 19:16 | Build | Farm |
| 19:19 | Create | Villager (Male) |
| 19:42 | Build | Farm |
| 19:44 | Create | Villager (Male) |
| 20:08 | Build | Farm |
| 20:10 | Research | Castle Age |
| 20:39 | Research | Scale Mail Armor |
| 20:42 | Create | Unit 2550 |
| 20:42 | Create | Unit 2550 |
| 21:39 | Build | Outpost |
| 21:45 | Build | Outpost |
| 23:38 | Build | Outpost |
| 23:42 | Research | Tech 1351 |
| 23:46 | Research | Iron Casting |
| 23:49 | Research | Chain Mail Armor |
| 23:51 | Create | Villager (Male) |
| 23:51 | Create | Villager (Male) |
| 23:52 | Create | Villager (Male) |
| 24:24 | Build | Dock |
| 24:53 | Build | Town Center |
| 25:02 | Research | Hand Cart |
| 25:09 | Research | Bow Saw |
| 25:10 | Research | Heavy Plow |
| 25:13 | Create | Villager (Male) |
| 25:13 | Create | Villager (Male) |
| 25:13 | Create | Villager (Male) |
| 25:40 | Build | Outpost |
| 25:43 | Build | Outpost |
| 25:45 | Build | Outpost |
| 25:47 | Build | Outpost |
| 25:48 | Build | Outpost |
| 26:01 | Create | Unit 2550 |
| 26:01 | Create | Unit 2550 |
| 26:02 | Create | Unit 2550 |
| 26:02 | Create | Unit 2550 |
| 26:10 | Create | Villager (Male) |
| 26:11 | Create | Villager (Male) |
| 26:11 | Create | Villager (Male) |
| 26:11 | Create | Villager (Male) |
| 26:11 | Create | Villager (Male) |
| 26:40 | Build | Farm |
| 26:41 | Build | Farm |
| 26:45 | Create | Villager (Male) |
| 26:45 | Create | Villager (Male) |
| 26:45 | Create | Villager (Male) |
| 27:01 | Build | Farm |
| 27:03 | Research | Iron Casting |
| 27:06 | Create | Villager (Male) |
| 27:07 | Create | Villager (Male) |
| 27:07 | Create | Villager (Male) |
| 27:10 | Create | Villager (Male) |
| 27:10 | Create | Villager (Male) |
| 27:31 | Build | Outpost |
| 27:35 | Build | Outpost |
| 27:42 | Create | Villager (Male) ×5 |
| 27:42 | Create | Villager (Male) ×5 |
| 28:02 | Research | Pikeman (upgrade) |
| 28:26 | Create | Unit 2550 |
| 28:26 | Create | Unit 2550 |
| 28:57 | Research | Town Watch |
| 28:58 | Create | Villager (Male) ×5 |
| 29:02 | Research | Gold Mining |
| 29:52 | Build | Siege Workshop |
| 30:01 | Build | Castle |
| 30:16 | Build | Barracks |
| 30:16 | Build | Barracks |
| 30:22 | Create | Villager (Male) ×5 |
| 30:22 | Create | Villager (Male) ×5 |
| 30:41 | Build | Outpost |
Build order — Maranga45
First 150 of 330 actions detected
| 0:11 | Create | Villager (Male) |
| 0:12 | Create | Villager (Male) |
| 0:12 | Create | Villager (Male) |
| 0:25 | Build | House |
| 0:26 | Build | House |
| 1:50 | Create | Villager (Male) |
| 1:51 | Create | Villager (Male) |
| 1:51 | Create | Villager (Male) |
| 1:51 | Create | Villager (Male) |
| 2:59 | Create | Villager (Male) |
| 2:59 | Create | Villager (Male) |
| 3:22 | Build | Mill |
| 3:57 | Create | Villager (Male) |
| 3:58 | Create | Villager (Male) |
| 5:05 | Create | Villager (Male) |
| 5:05 | Create | Villager (Male) |
| 5:05 | Create | Villager (Male) |
| 5:45 | Build | House |
| 5:53 | Build | House |
| 5:59 | Build | House |
| 7:33 | Build | Mill |
| 8:24 | Create | Villager (Male) |
| 8:25 | Create | Villager (Male) |
| 10:05 | Build | Lumber Camp |
| 10:54 | Research | Feudal Age |
| 12:07 | Build | Farm |
| 12:13 | Build | Farm |
| 12:22 | Build | Farm |
| 12:30 | Build | Farm |
| 12:37 | Build | Farm |
| 12:44 | Build | Farm |
| 12:53 | Build | Farm |
| 13:06 | Research | Wheelbarrow |
| 13:07 | Create | Villager (Male) |
| 13:07 | Create | Villager (Male) |
| 13:07 | Create | Villager (Male) |
| 13:07 | Create | Villager (Male) |
| 13:08 | Create | Villager (Male) |
| 13:08 | Create | Villager (Male) |
| 13:21 | Research | Horse Collar |
| 13:34 | Research | Double-Bit Axe |
| 14:58 | Build | Farm |
| 15:04 | Build | Farm |
| 15:10 | Build | Farm |
| 15:15 | Build | Farm |
| 15:52 | Build | Blacksmith |
| 15:57 | Build | Market |
| 17:00 | Create | Villager (Male) |
| 17:01 | Create | Villager (Male) |
| 17:01 | Create | Villager (Male) |
| 17:01 | Create | Villager (Male) |
| 17:01 | Create | Villager (Male) |
| 17:02 | Create | Villager (Male) |
| 17:53 | Build | Mining Camp |
| 18:26 | Build | House |
| 18:27 | Build | House |
| 18:29 | Build | House |
| 19:07 | Research | Gold Mining |
| 19:08 | Research | Stone Mining |
| 19:22 | Build | Mining Camp |
| 19:32 | Create | Villager (Male) |
| 19:32 | Create | Villager (Male) |
| 19:33 | Create | Villager (Male) |
| 19:33 | Create | Villager (Male) |
| 19:58 | Build | House |
| 19:59 | Build | House |
| 20:18 | Research | Castle Age |
| 20:34 | Build | Farm |
| 21:25 | Build | House |
| 21:27 | Build | House |
| 21:29 | Build | House |
| 21:31 | Build | House |
| 22:49 | Create | Trade Cart |
| 22:49 | Create | Trade Cart |
| 22:49 | Create | Trade Cart |
| 22:49 | Create | Trade Cart |
| 22:50 | Create | Trade Cart |
| 22:50 | Create | Trade Cart |
| 22:50 | Create | Trade Cart |
| 23:24 | Build | Town Center |
| 23:45 | Create | Villager (Male) |
| 23:45 | Create | Villager (Male) |
| 23:46 | Create | Villager (Male) |
| 23:46 | Create | Villager (Male) |
| 23:46 | Create | Villager (Male) |
| 23:46 | Create | Villager (Male) |
| 23:47 | Create | Villager (Male) |
| 23:47 | Create | Villager (Male) |
| 24:30 | Build | Farm |
| 25:02 | Build | Farm |
| 25:10 | Create | Villager (Male) |
| 25:10 | Create | Villager (Male) |
| 25:11 | Create | Villager (Male) |
| 25:11 | Create | Villager (Male) |
| 25:11 | Create | Villager (Male) |
| 25:11 | Create | Villager (Male) |
| 25:14 | Create | Villager (Male) |
| 25:14 | Create | Villager (Male) |
| 25:19 | Build | Farm |
| 25:54 | Research | Bow Saw |
| 25:59 | Research | Heavy Plow |
| 26:44 | Create | Villager (Male) |
| 26:45 | Create | Villager (Male) |
| 26:45 | Create | Villager (Male) |
| 26:45 | Create | Villager (Male) |
| 26:55 | Build | Farm |
| 27:16 | Build | Farm |
| 27:21 | Build | Farm |
| 27:29 | Build | Farm |
| 28:22 | Research | Hand Cart |
| 28:24 | Create | Villager (Male) |
| 28:24 | Create | Villager (Male) |
| 28:25 | Create | Villager (Male) |
| 28:25 | Create | Villager (Male) |
| 28:57 | Build | Farm |
| 29:42 | Build | Barracks |
| 29:46 | Build | Barracks |
| 30:18 | Build | Farm |
| 30:25 | Build | Farm |
| 30:31 | Create | Villager (Male) |
| 30:31 | Create | Villager (Male) |
| 30:31 | Create | Villager (Male) |
| 30:31 | Create | Villager (Male) |
| 30:34 | Create | Villager (Male) |
| 30:34 | Create | Villager (Male) |
| 30:47 | Build | Monastery |
| 30:55 | Build | University |
| 31:09 | Build | Farm |
| 31:16 | Create | Villager (Male) |
| 31:16 | Create | Villager (Male) |
| 31:16 | Create | Villager (Male) |
| 31:16 | Create | Villager (Male) |
| 31:17 | Create | Villager (Male) |
| 31:17 | Create | Villager (Male) |
| 31:29 | Create | Spearman |
| 31:30 | Create | Spearman |
| 31:30 | Create | Spearman |
| 31:30 | Create | Spearman |
| 31:30 | Create | Spearman |
| 31:31 | Create | Spearman |
| 31:31 | Create | Spearman |
| 31:31 | Create | Spearman |
| 31:31 | Create | Spearman |
| 31:31 | Create | Spearman |
| 31:32 | Create | Spearman |
| 31:33 | Create | Spearman |
| 31:34 | Create | Spearman |
| 31:34 | Create | Spearman |
| 31:34 | Create | Spearman |
| 31:38 | Research | Gold Shaft Mining |
Build order — GEvans7
First 150 of 317 actions detected
| 0:02 | Research | Loom |
| 0:02 | Create | Villager (Male) |
| 0:02 | Create | Villager (Male) |
| 0:03 | Create | Villager (Male) |
| 0:03 | Create | Villager (Male) |
| 0:03 | Create | Villager (Male) |
| 0:07 | Build | House |
| 0:37 | Build | House |
| 1:05 | Build | House |
| 1:43 | Create | Villager (Male) |
| 1:48 | Build | House |
| 2:53 | Create | Villager (Male) |
| 2:53 | Create | Villager (Male) |
| 3:04 | Build | Lumber Camp |
| 3:58 | Create | Villager (Male) |
| 3:58 | Create | Villager (Male) |
| 4:40 | Create | Villager (Male) |
| 5:39 | Create | Villager (Male) |
| 6:09 | Build | Mill |
| 6:16 | Create | Villager (Male) |
| 6:37 | Create | Villager (Male) |
| 6:37 | Create | Villager (Male) |
| 6:37 | Create | Villager (Male) |
| 7:21 | Build | Mill |
| 7:25 | Create | Villager (Male) |
| 8:22 | Create | Villager (Male) |
| 8:22 | Create | Villager (Male) |
| 8:23 | Create | Villager (Male) |
| 8:23 | Create | Villager (Male) |
| 8:28 | Build | House |
| 8:30 | Build | House |
| 9:01 | Create | Villager (Male) |
| 9:26 | Build | Farm |
| 9:33 | Build | Farm |
| 9:45 | Build | Mining Camp |
| 9:51 | Create | Villager (Male) |
| 9:51 | Create | Villager (Male) |
| 9:52 | Create | Villager (Male) |
| 10:20 | Build | Farm |
| 10:35 | Build | Farm |
| 10:39 | Build | Farm |
| 10:43 | Build | Farm |
| 11:04 | Build | Farm |
| 11:40 | Create | Villager (Male) |
| 11:50 | Build | Farm |
| 12:16 | Research | Feudal Age |
| 12:40 | Build | Mining Camp |
| 13:30 | Build | Farm |
| 13:41 | Build | Farm |
| 13:50 | Build | Farm |
| 13:54 | Create | Villager (Male) |
| 13:55 | Create | Villager (Male) |
| 14:33 | Research | Double-Bit Axe |
| 14:45 | Research | Gold Mining |
| 14:50 | Research | Stone Mining |
| 15:04 | Build | Blacksmith |
| 15:22 | Build | Barracks |
| 15:45 | Create | Villager (Male) |
| 15:45 | Create | Villager (Male) |
| 16:08 | Build | Stone Wall |
| 16:13 | Build | Stone Wall |
| 16:19 | Build | Gate |
| 16:24 | Build | Farm |
| 16:27 | Create | Villager (Male) |
| 16:40 | Build | Stable |
| 16:49 | Build | Market |
| 17:08 | Build | Farm |
| 17:16 | Create | Villager (Male) |
| 17:42 | Research | Castle Age |
| 17:52 | Build | House |
| 17:53 | Build | House |
| 17:54 | Build | House |
| 18:11 | Build | Stone Wall |
| 18:22 | Build | Gate |
| 18:49 | Research | Forging |
| 18:49 | Research | Scale Mail Armor |
| 18:52 | Research | Scale Barding Armor |
| 19:14 | Create | Villager (Male) |
| 19:15 | Create | Villager (Male) |
| 19:41 | Build | House |
| 19:43 | Build | House |
| 19:52 | Build | Market |
| 20:26 | Research | Bow Saw |
| 20:30 | Create | Villager (Male) |
| 20:30 | Create | Villager (Male) |
| 20:31 | Create | Villager (Male) |
| 20:37 | Research | Husbandry |
| 20:39 | Create | Knight ×3 |
| 20:48 | Build | Town Center |
| 20:54 | Create | Villager (Male) |
| 20:55 | Create | Villager (Male) |
| 21:09 | Build | Lumber Camp |
| 21:27 | Create | Villager (Male) |
| 21:41 | Create | Villager (Male) |
| 22:02 | Research | Iron Casting |
| 22:49 | Build | Town Center |
| 22:55 | Create | Villager (Male) |
| 22:55 | Create | Villager (Male) |
| 22:55 | Create | Villager (Male) |
| 23:30 | Build | Farm |
| 23:34 | Create | Villager (Male) |
| 23:34 | Create | Villager (Male) |
| 23:44 | Create | Knight |
| 23:44 | Create | Knight |
| 24:02 | Research | Gold Shaft Mining |
| 24:10 | Build | Farm |
| 24:22 | Build | Lumber Camp |
| 24:25 | Create | Villager (Male) |
| 24:26 | Create | Villager (Male) |
| 24:36 | Create | Villager (Male) |
| 24:36 | Create | Villager (Male) |
| 24:39 | Build | Farm |
| 24:43 | Build | Farm |
| 24:48 | Create | Knight |
| 25:00 | Create | Trade Cart |
| 25:01 | Create | Trade Cart |
| 25:20 | Research | Wheelbarrow |
| 25:21 | Create | Villager (Male) |
| 25:21 | Create | Villager (Male) |
| 25:27 | Build | Farm |
| 25:31 | Build | Farm |
| 25:58 | Build | Farm |
| 26:01 | Create | Villager (Male) |
| 26:02 | Create | Villager (Male) |
| 26:02 | Create | Villager (Male) |
| 26:03 | Create | Villager (Male) |
| 26:18 | Create | Knight |
| 26:18 | Create | Knight |
| 26:18 | Create | Knight |
| 26:32 | Build | Farm |
| 26:38 | Build | Farm |
| 26:43 | Create | Villager (Male) |
| 26:43 | Create | Villager (Male) |
| 27:01 | Research | Chain Barding Armor |
| 27:11 | Create | Villager (Male) |
| 27:11 | Create | Villager (Male) |
| 27:21 | Build | House |
| 27:22 | Build | House |
| 27:23 | Build | House |
| 27:34 | Build | University |
| 27:44 | Build | Stable |
| 27:52 | Create | Knight |
| 27:52 | Create | Knight |
| 28:10 | Create | Trade Cart |
| 28:19 | Build | House |
| 28:22 | Build | House |
| 28:32 | Build | Farm |
| 28:57 | Build | Castle |
| 29:23 | Build | Stable |
| 29:30 | Create | Knight |
Build order — Clodion
First 150 of 393 actions detected
| 0:06 | Build | House |
| 0:07 | Create | Villager (Male) |
| 0:07 | Create | Villager (Male) |
| 0:07 | Create | Villager (Male) |
| 0:25 | Create | Villager (Male) |
| 0:36 | Create | Villager (Male) |
| 0:37 | Research | Loom |
| 1:32 | Create | Villager (Male) |
| 1:58 | Create | Villager (Male) |
| 2:36 | Create | Villager (Male) |
| 2:55 | Create | Villager (Male) |
| 3:09 | Build | House |
| 3:42 | Create | Villager (Male) |
| 3:46 | Build | House |
| 4:21 | Create | Villager (Male) |
| 4:41 | Create | Villager (Male) |
| 5:29 | Create | Villager (Male) |
| 6:09 | Build | Mill |
| 6:11 | Create | Villager (Male) |
| 8:04 | Create | Villager (Male) |
| 8:07 | Create | Villager (Male) |
| 8:18 | Build | Lumber Camp |
| 8:26 | Build | Lumber Camp |
| 8:36 | Create | Villager (Male) |
| 8:48 | Research | Feudal Age |
| 9:22 | Build | House |
| 9:43 | Build | Dock |
| 9:57 | Build | House |
| 10:03 | Build | House |
| 10:30 | Build | Lumber Camp |
| 10:40 | Create | Villager (Male) |
| 11:13 | Research | Horse Collar |
| 11:17 | Research | Double-Bit Axe |
| 11:35 | Build | Farm |
| 11:36 | Build | Farm |
| 11:37 | Build | Farm |
| 11:38 | Build | Farm |
| 12:05 | Create | Fishing Ship |
| 12:05 | Create | Fishing Ship |
| 12:13 | Create | Villager (Male) |
| 12:23 | Create | Villager (Male) |
| 12:42 | Create | Fishing Ship |
| 13:07 | Create | Fishing Ship |
| 13:10 | Create | Villager (Male) |
| 13:12 | Build | Farm |
| 13:20 | Create | Villager (Male) |
| 13:38 | Create | Fishing Ship |
| 14:04 | Build | Stone Wall |
| 14:16 | Build | Gate |
| 14:23 | Create | Villager (Male) |
| 14:29 | Build | Mill |
| 14:46 | Create | Fishing Ship |
| 14:47 | Research | Tech 906 |
| 14:55 | Build | Mining Camp |
| 14:57 | Create | Villager (Male) |
| 15:55 | Build | Stone Wall |
| 16:21 | Build | Stone Wall |
| 16:27 | Create | Villager (Male) |
| 16:33 | Research | Gold Mining |
| 16:34 | Create | Villager (Male) |
| 16:43 | Build | Farm |
| 16:44 | Build | Farm |
| 16:44 | Build | Farm |
| 16:45 | Build | Farm |
| 16:46 | Build | Farm |
| 16:51 | Create | Villager (Male) |
| 17:18 | Build | Mining Camp |
| 17:27 | Build | House |
| 17:33 | Build | Market |
| 17:39 | Research | Wheelbarrow |
| 17:54 | Build | Gate |
| 18:24 | Build | Stone Wall |
| 18:27 | Build | Stone Wall |
| 18:44 | Research | Stone Mining |
| 18:47 | Create | Villager (Male) |
| 18:56 | Build | House |
| 18:57 | Build | House |
| 18:59 | Build | House |
| 19:00 | Build | House |
| 19:01 | Build | House |
| 19:03 | Build | House |
| 19:05 | Build | House |
| 19:11 | Create | Villager (Male) |
| 19:22 | Build | Blacksmith |
| 19:59 | Create | Villager (Male) |
| 20:20 | Research | Castle Age |
| 20:21 | Create | Trade Cart |
| 21:54 | Create | Villager (Male) |
| 21:54 | Create | Villager (Male) |
| 22:09 | Research | Scale Barding Armor |
| 22:10 | Research | Scale Mail Armor |
| 22:12 | Research | Forging |
| 23:18 | Research | Fletching |
| 23:37 | Build | Town Center |
| 23:58 | Create | Villager (Male) |
| 24:27 | Build | Lumber Camp |
| 24:52 | Build | Stone Wall |
| 25:30 | Create | Villager (Male) |
| 25:30 | Create | Villager (Male) |
| 25:33 | Create | Villager (Male) |
| 25:34 | Create | Villager (Male) |
| 25:34 | Create | Villager (Male) |
| 25:36 | Create | Villager (Male) |
| 25:36 | Create | Villager (Male) |
| 25:36 | Create | Villager (Male) |
| 25:41 | Create | Trade Cart |
| 25:43 | Research | Caravan |
| 25:43 | Create | Trade Cart |
| 25:48 | Create | Villager (Male) |
| 25:48 | Create | Villager (Male) |
| 25:54 | Build | Monastery |
| 25:58 | Build | Farm |
| 25:58 | Build | Farm |
| 25:58 | Build | Farm |
| 25:59 | Build | Farm |
| 26:00 | Build | Farm |
| 26:04 | Build | Farm |
| 26:05 | Create | Villager (Male) |
| 26:06 | Create | Villager (Male) |
| 26:09 | Research | Heavy Plow |
| 26:15 | Build | Farm |
| 26:22 | Create | Monk |
| 27:18 | Research | Bow Saw |
| 27:33 | Create | Villager (Male) |
| 27:38 | Create | Villager (Male) |
| 28:14 | Build | Barracks |
| 28:20 | Build | Barracks |
| 28:42 | Create | Villager (Male) |
| 28:45 | Create | Villager (Male) |
| 28:50 | Research | Squires |
| 28:51 | Research | Man-at-Arms (upgrade) |
| 30:02 | Create | Trade Cart |
| 30:03 | Create | Trade Cart |
| 30:22 | Build | Castle |
| 30:37 | Create | Villager (Male) |
| 30:38 | Create | Villager (Male) |
| 30:45 | Create | Militia |
| 30:46 | Create | Militia |
| 30:46 | Create | Militia |
| 30:47 | Create | Militia |
| 30:54 | Research | Iron Casting |
| 30:55 | Research | Chain Mail Armor |
| 30:55 | Research | Bodkin Arrow |
| 31:27 | Research | Arson |
| 31:30 | Research | Long Swordsman (upgrade) |
| 31:37 | Create | Villager (Male) |
| 31:38 | Create | Villager (Male) |
| 31:38 | Create | Villager (Male) |
| 31:41 | Create | Villager (Male) |
| 31:42 | Create | Villager (Male) |
Build order — Txokolate
First 150 of 324 actions detected
| 0:02 | Create | Villager (Male) |
| 0:05 | Build | House |
| 0:06 | Build | House |
| 0:34 | Create | Villager (Male) |
| 0:34 | Create | Villager (Male) |
| 0:35 | Create | Villager (Male) |
| 1:07 | Create | Villager (Male) |
| 1:51 | Create | Villager (Male) |
| 2:28 | Create | Villager (Male) |
| 2:47 | Build | Mill |
| 2:51 | Create | Villager (Male) |
| 3:17 | Create | Villager (Male) |
| 3:55 | Create | Villager (Male) |
| 4:21 | Create | Villager (Male) |
| 4:23 | Create | Villager (Male) |
| 4:29 | Build | House |
| 4:39 | Research | Loom |
| 4:40 | Create | Villager (Male) |
| 5:39 | Create | Villager (Male) |
| 5:42 | Build | Lumber Camp |
| 6:06 | Create | Villager (Male) |
| 6:08 | Create | Villager (Male) |
| 6:26 | Create | Villager (Male) |
| 6:56 | Create | Villager (Male) |
| 7:26 | Build | House |
| 7:34 | Create | Villager (Male) |
| 7:35 | Create | Villager (Male) |
| 7:45 | Create | Villager (Male) |
| 7:58 | Build | Mill |
| 8:15 | Create | Villager (Male) |
| 8:39 | Create | Villager (Male) |
| 9:42 | Build | Mining Camp |
| 9:56 | Build | House |
| 10:32 | Build | Mill |
| 10:43 | Research | Feudal Age |
| 11:29 | Build | Lumber Camp |
| 11:41 | Create | Villager (Male) |
| 11:41 | Create | Villager (Male) |
| 11:42 | Create | Villager (Male) |
| 11:50 | Build | House |
| 13:35 | Build | Mining Camp |
| 13:48 | Build | Barracks |
| 14:17 | Create | Villager (Male) |
| 14:38 | Create | Villager (Male) |
| 14:44 | Build | Stable |
| 14:52 | Research | Horse Collar |
| 14:56 | Research | Double-Bit Axe |
| 15:18 | Create | Villager (Male) |
| 15:47 | Build | Market |
| 15:59 | Build | Blacksmith |
| 16:04 | Build | House |
| 16:08 | Create | Villager (Male) |
| 16:20 | Create | Villager (Male) |
| 17:10 | Build | Outpost |
| 17:21 | Build | Stable |
| 17:23 | Research | Castle Age |
| 17:27 | Research | Gold Mining |
| 17:29 | Research | Stone Mining |
| 17:46 | Create | Trade Cart |
| 17:56 | Build | Farm |
| 17:56 | Build | Farm |
| 17:57 | Build | Farm |
| 17:57 | Build | Farm |
| 18:22 | Build | Farm |
| 18:58 | Build | House |
| 19:06 | Build | Outpost |
| 19:09 | Build | Farm |
| 19:26 | Create | Villager (Male) |
| 19:26 | Create | Villager (Male) |
| 19:50 | Build | House |
| 19:51 | Build | House |
| 20:00 | Build | Outpost |
| 20:21 | Create | Knight |
| 20:24 | Create | Villager (Male) |
| 20:27 | Create | Knight |
| 20:36 | Build | Farm |
| 20:36 | Build | Farm |
| 20:46 | Build | Castle |
| 21:01 | Create | Knight |
| 21:24 | Build | Town Center |
| 21:29 | Create | Villager (Male) |
| 21:49 | Build | Farm |
| 21:50 | Build | Farm |
| 21:52 | Build | Farm |
| 21:54 | Build | Farm |
| 22:06 | Build | Farm |
| 22:47 | Build | Stone Wall |
| 22:50 | Create | Villager (Male) |
| 22:52 | Create | Villager (Male) |
| 23:01 | Create | Villager (Male) |
| 23:03 | Create | Villager (Male) |
| 23:04 | Create | Villager (Male) |
| 23:11 | Create | Knight ×5 |
| 23:15 | Create | Knight |
| 23:33 | Create | Villager (Male) |
| 23:34 | Create | Villager (Male) |
| 24:08 | Build | Stone Wall |
| 24:12 | Create | Villager (Male) |
| 24:23 | Create | Villager (Male) |
| 24:26 | Create | Knight |
| 24:26 | Create | Knight |
| 24:45 | Research | Scale Barding Armor |
| 24:48 | Research | Forging |
| 24:56 | Create | Villager (Male) |
| 25:09 | Create | Trade Cart |
| 25:09 | Create | Trade Cart |
| 25:11 | Create | Trade Cart |
| 25:12 | Create | Trade Cart |
| 25:23 | Build | Town Center |
| 25:26 | Create | Villager (Male) |
| 25:26 | Create | Villager (Male) |
| 25:28 | Create | Villager (Male) |
| 25:43 | Build | House |
| 25:47 | Build | Farm |
| 25:47 | Build | Farm |
| 25:47 | Build | Farm |
| 25:48 | Build | Farm |
| 25:49 | Build | Farm |
| 25:49 | Build | Farm |
| 25:50 | Build | Farm |
| 25:56 | Create | Villager (Male) |
| 25:57 | Create | Villager (Male) |
| 26:01 | Create | Villager (Male) |
| 26:10 | Build | Farm |
| 26:15 | Create | Villager (Male) |
| 26:29 | Create | Knight |
| 27:21 | Build | Gate |
| 27:28 | Research | Husbandry |
| 27:29 | Research | Bloodlines |
| 27:45 | Build | Stone Wall |
| 27:48 | Create | Villager (Male) |
| 27:48 | Create | Villager (Male) |
| 27:52 | Create | Villager (Male) |
| 28:01 | Create | Villager (Male) |
| 28:13 | Create | Conquistador |
| 28:26 | Build | Archery Range |
| 28:27 | Build | Archery Range |
| 28:28 | Build | Archery Range |
| 28:29 | Build | Archery Range |
| 28:30 | Build | Archery Range |
| 28:39 | Create | Knight |
| 28:42 | Create | Knight |
| 28:45 | Create | Conquistador |
| 28:54 | Build | Lumber Camp |
| 29:09 | Build | University |
| 29:12 | Create | Villager (Male) |
| 29:13 | Create | Villager (Male) |
| 29:15 | Create | Villager (Male) |
| 29:17 | Create | Villager (Male) |
| 29:20 | Create | Villager (Male) |
Build order — 捣蛋猫爱导弹
First 150 of 251 actions detected
| 0:04 | Create | Villager (Male) |
| 0:05 | Research | Loom |
| 0:56 | Create | Villager (Male) |
| 0:56 | Create | Villager (Male) |
| 1:13 | Create | Villager (Male) |
| 1:28 | Build | Mill |
| 1:38 | Create | Villager (Male) |
| 2:16 | Research | Loom |
| 2:36 | Create | Villager (Male) |
| 2:37 | Create | Villager (Male) |
| 3:20 | Build | House |
| 3:21 | Build | House |
| 3:24 | Create | Villager (Male) |
| 3:42 | Create | Villager (Male) |
| 4:18 | Create | Villager (Male) |
| 4:19 | Create | Villager (Male) |
| 5:17 | Create | Villager (Male) |
| 5:18 | Create | Villager (Male) |
| 5:21 | Create | Villager (Male) |
| 5:21 | Create | Villager (Male) |
| 5:22 | Create | Villager (Male) |
| 5:29 | Build | House |
| 5:49 | Build | House |
| 5:52 | Build | House |
| 5:55 | Create | Villager (Male) |
| 6:05 | Create | Villager (Male) |
| 6:21 | Build | Lumber Camp |
| 6:25 | Create | Villager (Male) |
| 6:52 | Create | Villager (Male) |
| 7:45 | Build | Mill |
| 8:15 | Build | Mill |
| 8:24 | Research | Feudal Age |
| 8:52 | Build | Mining Camp |
| 10:22 | Create | Villager (Male) |
| 10:40 | Create | Villager (Male) |
| 11:26 | Build | Market |
| 11:35 | Build | Blacksmith |
| 11:49 | Create | Villager (Male) |
| 12:12 | Build | Farm |
| 12:13 | Build | Farm |
| 12:24 | Research | Castle Age |
| 12:25 | Research | Castle Age |
| 12:44 | Build | Farm |
| 12:55 | Build | Farm |
| 14:00 | Build | Lumber Camp |
| 14:03 | Research | Wheelbarrow |
| 14:37 | Build | Farm |
| 14:42 | Build | Mining Camp |
| 14:58 | Create | Villager (Male) |
| 15:10 | Build | Town Center |
| 15:13 | Create | Villager (Male) |
| 15:33 | Create | Villager (Male) |
| 15:40 | Research | Horse Collar |
| 16:05 | Research | Double-Bit Axe |
| 16:08 | Create | Villager (Male) |
| 16:31 | Create | Villager (Male) |
| 17:05 | Build | Farm |
| 17:06 | Build | Farm |
| 17:06 | Build | Farm |
| 17:07 | Build | Farm |
| 17:20 | Build | Farm |
| 17:27 | Build | Farm |
| 17:28 | Create | Villager (Male) ×5 |
| 17:43 | Build | Farm |
| 17:50 | Build | Farm |
| 18:15 | Build | Farm |
| 18:17 | Build | Farm |
| 18:27 | Build | Farm |
| 18:50 | Create | Villager (Male) ×5 |
| 18:52 | Research | Stone Mining |
| 19:04 | Build | Farm |
| 19:29 | Build | Farm |
| 19:47 | Research | Hand Cart |
| 19:48 | Create | Villager (Male) |
| 20:11 | Create | Villager (Male) ×3 |
| 20:16 | Build | Farm |
| 20:20 | Build | Farm |
| 20:23 | Build | Farm |
| 20:36 | Build | Castle |
| 21:09 | Build | Farm |
| 21:11 | Build | Farm |
| 21:13 | Create | Villager (Male) ×5 |
| 21:19 | Research | Bow Saw |
| 21:30 | Build | House |
| 21:31 | Build | House |
| 21:32 | Build | House |
| 21:42 | Build | House |
| 21:46 | Create | Villager (Male) ×4 |
| 22:14 | Build | Mining Camp |
| 22:18 | Build | House |
| 22:19 | Build | House |
| 22:30 | Create | Villager (Male) ×5 |
| 22:38 | Research | Heavy Plow |
| 22:41 | Create | Chu Ko Nu |
| 23:07 | Research | Gold Mining |
| 23:27 | Build | Monastery |
| 23:45 | Research | Gold Shaft Mining |
| 23:55 | Create | Chu Ko Nu |
| 24:05 | Create | Villager (Male) ×5 |
| 24:30 | Build | Farm |
| 24:57 | Build | Castle |
| 25:00 | Create | Chu Ko Nu |
| 25:01 | Create | Chu Ko Nu |
| 25:13 | Create | Villager (Male) ×5 |
| 25:21 | Create | Chu Ko Nu |
| 25:43 | Build | Stone Wall |
| 25:49 | Build | Gate |
| 25:59 | Create | Chu Ko Nu |
| 26:17 | Build | Stone Wall |
| 26:28 | Build | Stone Wall |
| 26:34 | Create | Chu Ko Nu |
| 26:39 | Research | Fletching |
| 26:40 | Create | Villager (Male) ×5 |
| 26:42 | Create | Villager (Male) ×5 |
| 26:47 | Build | Lumber Camp |
| 27:23 | Create | Villager (Male) ×5 |
| 27:26 | Create | Monk |
| 27:30 | Research | Stone Shaft Mining |
| 27:34 | Create | Chu Ko Nu ×5 |
| 27:54 | Build | Market |
| 27:55 | Build | Market |
| 27:57 | Build | Market |
| 28:15 | Research | Great Wall |
| 28:24 | Build | University |
| 28:46 | Research | Imperial Age |
| 28:51 | Create | Chu Ko Nu ×5 |
| 29:07 | Create | Chu Ko Nu ×3 |
| 29:15 | Research | Padded Archer Armor |
| 29:34 | Build | Mining Camp |
| 29:54 | Research | Ballistics |
| 29:56 | Research | Masonry |
| 30:06 | Create | Trade Cart |
| 30:11 | Build | Lumber Camp |
| 30:14 | Create | Trade Cart ×3 |
| 30:30 | Create | Chu Ko Nu |
| 30:33 | Create | Chu Ko Nu |
| 30:40 | Build | Gate |
| 31:05 | Build | Castle |
| 31:13 | Build | Lumber Camp |
| 31:20 | Research | Town Watch |
| 31:21 | Create | Villager (Male) ×5 |
| 31:28 | Create | Chu Ko Nu ×5 |
| 31:58 | Research | Town Patrol |
| 32:02 | Create | Chu Ko Nu ×5 |
| 32:04 | Create | Chu Ko Nu ×4 |
| 32:10 | Build | House |
| 32:10 | Build | House |
| 32:12 | Build | House |
| 32:13 | Build | House |
| 32:37 | Build | Farm |
Build order — kuzeyin oğlu
First 150 of 489 actions detected
| 0:00 | Create | Villager (Male) |
| 0:01 | Create | Villager (Male) |
| 0:03 | Build | House |
| 0:04 | Build | House |
| 0:09 | Create | Villager (Male) |
| 0:10 | Create | Villager (Male) |
| 0:27 | Create | Villager (Male) |
| 1:28 | Create | Villager (Male) |
| 2:09 | Create | Villager (Male) |
| 2:13 | Build | Lumber Camp |
| 2:46 | Create | Villager (Male) |
| 2:46 | Create | Villager (Male) |
| 3:13 | Create | Villager (Male) |
| 3:30 | Build | House |
| 3:54 | Create | Villager (Male) |
| 4:11 | Create | Villager (Male) |
| 4:51 | Create | Villager (Male) |
| 4:51 | Create | Villager (Male) |
| 5:16 | Create | Villager (Male) |
| 5:16 | Create | Villager (Male) |
| 5:16 | Create | Villager (Male) |
| 5:23 | Build | House |
| 5:45 | Create | Villager (Male) |
| 5:50 | Build | House |
| 6:09 | Create | Villager (Male) |
| 6:30 | Create | Villager (Male) |
| 6:31 | Create | Villager (Male) |
| 6:31 | Create | Villager (Male) |
| 6:31 | Create | Villager (Male) |
| 6:49 | Build | Mill |
| 7:25 | Build | Farm |
| 8:33 | Create | Villager (Male) |
| 8:34 | Create | Villager (Male) |
| 8:55 | Build | Mill |
| 8:59 | Research | Feudal Age |
| 9:17 | Build | Farm |
| 9:41 | Build | Farm |
| 9:50 | Build | House |
| 9:55 | Create | Villager (Male) |
| 9:55 | Create | Villager (Male) |
| 9:57 | Create | Villager (Male) |
| 10:02 | Build | Mining Camp |
| 10:48 | Build | Farm |
| 11:00 | Build | Farm |
| 11:46 | Research | Double-Bit Axe |
| 11:47 | Research | Horse Collar |
| 11:51 | Build | Farm |
| 12:20 | Build | Farm |
| 12:39 | Build | Farm |
| 13:02 | Research | Castle Age |
| 14:05 | Build | Market |
| 14:19 | Create | Villager (Male) |
| 14:19 | Create | Villager (Male) |
| 15:45 | Build | Town Center |
| 15:53 | Build | Town Center |
| 16:22 | Build | Town Center |
| 16:28 | Create | Villager (Male) |
| 16:28 | Create | Villager (Male) |
| 17:01 | Create | Villager (Male) |
| 17:10 | Build | House |
| 17:11 | Build | House |
| 17:12 | Build | House |
| 17:27 | Research | Bow Saw |
| 17:36 | Create | Villager (Male) |
| 17:37 | Create | Villager (Male) |
| 17:39 | Create | Villager (Male) |
| 17:39 | Create | Villager (Male) |
| 17:39 | Create | Villager (Male) |
| 17:40 | Create | Villager (Male) |
| 17:40 | Create | Villager (Male) |
| 17:40 | Create | Villager (Male) |
| 17:41 | Create | Villager (Male) |
| 17:42 | Create | Villager (Male) |
| 17:43 | Create | Villager (Male) |
| 17:43 | Create | Villager (Male) |
| 17:44 | Create | Villager (Male) |
| 17:45 | Create | Villager (Male) |
| 17:50 | Build | Farm |
| 18:08 | Create | Trade Cart |
| 18:35 | Build | Farm |
| 18:37 | Build | Farm |
| 18:42 | Build | Farm |
| 18:52 | Create | Villager (Male) |
| 18:53 | Create | Villager (Male) |
| 18:53 | Create | Villager (Male) |
| 18:53 | Create | Villager (Male) |
| 18:55 | Create | Trade Cart |
| 18:56 | Create | Trade Cart |
| 19:07 | Create | Villager (Male) |
| 19:07 | Research | Loom |
| 19:12 | Build | Farm |
| 19:17 | Build | Farm |
| 19:20 | Build | Farm |
| 19:24 | Build | Farm |
| 19:31 | Build | Farm |
| 19:33 | Create | Villager (Male) |
| 19:33 | Create | Villager (Male) |
| 19:46 | Research | Wheelbarrow |
| 19:46 | Research | Wheelbarrow |
| 19:55 | Build | Farm |
| 19:58 | Build | Farm |
| 20:09 | Create | Villager (Male) |
| 20:09 | Create | Villager (Male) |
| 20:10 | Create | Villager (Male) |
| 20:13 | Build | Farm |
| 20:13 | Build | Farm |
| 20:19 | Build | Farm |
| 20:26 | Build | Farm |
| 20:32 | Build | Farm |
| 20:32 | Create | Villager (Male) |
| 20:33 | Create | Villager (Male) |
| 20:33 | Create | Villager (Male) |
| 20:35 | Create | Trade Cart |
| 20:36 | Create | Trade Cart |
| 20:41 | Build | Farm |
| 20:48 | Build | Farm |
| 20:50 | Create | Villager (Male) |
| 20:50 | Create | Villager (Male) |
| 20:59 | Research | Town Watch |
| 21:04 | Build | Farm |
| 21:09 | Build | Farm |
| 21:14 | Research | Heavy Plow |
| 21:15 | Research | Heavy Plow |
| 21:27 | Build | House |
| 21:28 | Build | House |
| 21:28 | Build | House |
| 21:28 | Build | House |
| 21:29 | Build | House |
| 21:29 | Build | House |
| 21:29 | Build | House |
| 21:37 | Create | Villager (Male) |
| 21:37 | Create | Villager (Male) |
| 21:42 | Build | Farm |
| 21:55 | Build | Farm |
| 21:58 | Build | Farm |
| 22:13 | Build | Mining Camp |
| 22:21 | Create | Villager (Male) |
| 22:22 | Create | Villager (Male) |
| 22:22 | Create | Villager (Male) |
| 22:24 | Build | Farm |
| 22:26 | Build | Farm |
| 22:47 | Create | Villager (Male) |
| 22:48 | Create | Villager (Male) |
| 22:48 | Create | Villager (Male) |
| 22:48 | Create | Villager (Male) |
| 22:49 | Create | Villager (Male) |
| 22:49 | Create | Villager (Male) |
| 22:52 | Create | Trade Cart |
| 22:52 | Create | Trade Cart |
| 22:52 | Create | Trade Cart |
Build order — 剑客Never
First 150 of 209 actions detected
| 0:05 | Build | House |
| 0:07 | Build | House |
| 0:13 | Research | Loom |
| 0:13 | Create | Villager (Male) |
| 0:14 | Create | Villager (Male) |
| 0:14 | Create | Villager (Male) |
| 0:14 | Create | Villager (Male) |
| 0:15 | Create | Villager (Male) |
| 0:15 | Create | Villager (Male) |
| 0:47 | Build | House |
| 0:47 | Build | House |
| 0:48 | Build | House |
| 2:43 | Create | Villager (Male) |
| 2:44 | Create | Villager (Male) |
| 2:44 | Create | Villager (Male) |
| 3:15 | Create | Villager (Male) |
| 3:15 | Create | Villager (Male) |
| 4:14 | Create | Villager (Male) |
| 4:15 | Create | Villager (Male) |
| 4:15 | Create | Villager (Male) |
| 5:10 | Create | Villager (Male) |
| 5:10 | Create | Villager (Male) |
| 5:20 | Build | Mill |
| 6:24 | Create | Villager (Male) |
| 6:24 | Create | Villager (Male) |
| 6:24 | Create | Villager (Male) |
| 6:24 | Create | Villager (Male) |
| 7:33 | Create | Villager (Male) |
| 7:33 | Create | Villager (Male) |
| 9:02 | Research | Feudal Age |
| 9:46 | Create | Villager (Male) |
| 10:06 | Build | Mill |
| 10:58 | Create | Villager (Male) |
| 10:58 | Create | Villager (Male) |
| 10:59 | Create | Villager (Male) |
| 10:59 | Create | Villager (Male) |
| 11:00 | Create | Villager (Male) |
| 11:02 | Create | Villager (Male) |
| 11:03 | Create | Villager (Male) |
| 11:03 | Create | Villager (Male) |
| 11:03 | Create | Villager (Male) |
| 11:42 | Research | Double-Bit Axe |
| 13:14 | Build | Mule Cart |
| 13:51 | Build | Blacksmith |
| 14:22 | Build | House |
| 14:23 | Build | House |
| 14:24 | Build | House |
| 14:25 | Build | House |
| 14:26 | Build | House |
| 14:30 | Build | House |
| 14:36 | Build | House |
| 14:37 | Build | House |
| 14:39 | Build | House |
| 14:41 | Build | House |
| 14:42 | Build | House |
| 14:44 | Build | House |
| 15:01 | Build | Barracks |
| 15:21 | Build | Market |
| 16:55 | Build | Farm |
| 18:07 | Research | Castle Age |
| 18:14 | Build | Farm |
| 18:15 | Build | Farm |
| 18:16 | Build | Farm |
| 18:18 | Build | Farm |
| 18:18 | Build | Farm |
| 18:20 | Build | Farm |
| 18:22 | Build | Farm |
| 18:23 | Build | Farm |
| 20:17 | Research | Horse Collar |
| 20:24 | Research | Gold Mining |
| 20:31 | Research | Stone Mining |
| 21:07 | Build | Town Center |
| 21:29 | Create | Villager (Male) ×5 |
| 21:29 | Create | Villager (Male) ×5 |
| 21:29 | Create | Villager (Male) ×2 |
| 21:51 | Build | Town Center |
| 23:16 | Create | Villager (Male) ×5 |
| 23:54 | Build | Castle |
| 24:11 | Build | Farm |
| 24:20 | Create | Villager (Male) ×5 |
| 24:20 | Create | Villager (Male) ×5 |
| 25:36 | Create | Monaspa |
| 25:58 | Create | Villager (Male) |
| 25:59 | Create | Villager (Male) |
| 26:16 | Create | Villager (Male) ×2 |
| 26:16 | Create | Villager (Male) ×2 |
| 26:16 | Create | Villager (Male) ×2 |
| 26:46 | Build | Castle |
| 27:05 | Build | Farm |
| 27:18 | Create | Villager (Male) ×3 |
| 27:19 | Create | Villager (Male) ×3 |
| 27:19 | Create | Villager (Male) |
| 27:54 | Create | Monaspa |
| 27:54 | Create | Monaspa |
| 28:02 | Build | Farm |
| 28:19 | Create | Trade Cart |
| 28:19 | Create | Trade Cart |
| 28:20 | Create | Trade Cart |
| 28:20 | Create | Trade Cart |
| 28:21 | Create | Trade Cart |
| 28:27 | Build | Farm |
| 28:30 | Create | Villager (Male) |
| 28:31 | Create | Villager (Male) |
| 28:31 | Create | Villager (Male) |
| 28:43 | Build | Farm |
| 28:44 | Build | Farm |
| 28:55 | Build | Farm |
| 28:56 | Build | Farm |
| 28:59 | Build | Farm |
| 29:07 | Build | Farm |
| 29:12 | Create | Monaspa ×3 |
| 29:12 | Create | Monaspa ×3 |
| 29:39 | Build | Farm |
| 29:41 | Create | Monaspa ×2 |
| 29:57 | Create | Villager (Male) ×2 |
| 30:33 | Create | Villager (Male) ×4 |
| 30:33 | Create | Villager (Male) ×4 |
| 30:40 | Build | Farm |
| 30:53 | Create | Villager (Male) ×3 |
| 30:53 | Create | Villager (Male) ×3 |
| 31:57 | Create | Villager (Male) ×5 |
| 31:58 | Create | Villager (Male) ×5 |
| 31:58 | Create | Villager (Male) ×3 |
| 31:58 | Create | Villager (Male) ×3 |
| 33:03 | Create | Villager (Male) ×5 |
| 33:04 | Create | Villager (Male) ×4 |
| 33:04 | Create | Villager (Male) ×4 |
| 33:12 | Build | Farm |
| 33:13 | Build | Farm |
| 33:15 | Build | Farm |
| 33:18 | Build | Farm |
| 33:19 | Build | Farm |
| 33:27 | Build | Mill |
| 34:44 | Build | Farm |
| 34:45 | Build | Farm |
| 34:47 | Build | Farm |
| 35:01 | Build | Farm |
| 35:07 | Create | Villager (Male) |
| 35:08 | Create | Villager (Male) |
| 35:15 | Build | Farm |
| 35:27 | Research | Caravan |
| 35:28 | Create | Trade Cart ×5 |
| 35:30 | Create | Trade Cart ×5 |
| 35:39 | Build | Farm |
| 36:01 | Build | Farm |
| 36:02 | Build | Farm |
| 36:07 | Build | Farm |
| 36:13 | Research | Imperial Age |
| 36:21 | Research | Wheelbarrow |
| 37:00 | Build | Farm |
Match timeline
| 9:43 | Clodion · first_building Dock |
| 10:32 | yandjin.xyz · first_building Barracks |
| 13:48 | Txokolate · first_building Barracks |
| 14:04 | Clodion · wall_segment Stone Wall x4 |
| 14:44 | Txokolate · first_building Stable |
| 15:01 | 剑客Never · first_building Barracks |
| 15:22 | GEvans7 · first_building Barracks |
| 15:55 | Clodion · wall_segment Stone Wall x1 |
| 16:08 | GEvans7 · wall_segment Stone Wall x9 |
| 16:13 | GEvans7 · wall_segment Stone Wall x4 |
| 16:21 | Clodion · wall_segment Stone Wall x3 |
| 16:40 | GEvans7 · first_building Stable |
| 18:11 | GEvans7 · wall_segment Stone Wall x15 |
| 18:24 | Clodion · wall_segment Stone Wall x3 |
| 18:27 | Clodion · wall_segment Stone Wall x8 |
| 20:36 | 捣蛋猫爱导弹 · first_building Castle |
| 20:46 | Txokolate · first_building Castle |
| 22:47 | Txokolate · wall_segment Stone Wall x31 |
| 23:27 | 捣蛋猫爱导弹 · first_building Monastery |
| 23:54 | 剑客Never · first_building Castle |
| 24:08 | Txokolate · wall_segment Stone Wall x19 |
| 24:19 | kuzeyin oğlu · first_building Castle |
| 24:24 | yandjin.xyz · first_building Dock |
| 24:52 | Clodion · wall_segment Stone Wall x1 |
| 25:43 | 捣蛋猫爱导弹 · wall_segment Stone Wall x41 |
| 25:54 | Clodion · first_building Monastery |
| 26:17 | 捣蛋猫爱导弹 · wall_segment Stone Wall x11 |
| 26:28 | 捣蛋猫爱导弹 · wall_segment Stone Wall x13 |
| 26:35 | yandjin.xyz · first_market_sell 100 food |
| 26:37 | yandjin.xyz · first_market_buy 100 wood |
| 27:45 | Txokolate · wall_segment Stone Wall x19 |
| 28:14 | Clodion · first_building Barracks |
| 28:26 | Txokolate · first_building Archery Range |
| 28:57 | GEvans7 · first_building Castle |
| 29:42 | Maranga45 · first_building Barracks |
| 29:50 | GEvans7 · first_market_sell 100 wood |
| 29:52 | yandjin.xyz · first_building Siege Workshop |
| 30:01 | yandjin.xyz · first_building Castle |
| 30:07 | Clodion · first_market_buy 100 stone |
| 30:07 | kuzeyin oğlu · first_building Siege Workshop |
| 30:22 | Clodion · first_building Castle |
| 30:47 | Maranga45 · first_building Monastery |
| 32:17 | Maranga45 · first_building Castle |
| 33:08 | GEvans7 · wall_segment Stone Wall x13 |
| 35:54 | Clodion · first_market_sell 100 food |
| 36:03 | Maranga45 · wall_segment Stone Wall x22 |
| 36:19 | Txokolate · first_market_sell 500 wood |
| 37:29 | 剑客Never · first_building Stable |
| 37:33 | 剑客Never · first_building Archery Range |
| 37:34 | Txokolate · first_building Siege Workshop |
| 38:05 | yandjin.xyz · first_building Archery Range |
| 38:10 | GEvans7 · wall_segment Stone Wall x4 |
| 38:54 | kuzeyin oğlu · first_market_buy 100 stone |
| 39:09 | yandjin.xyz · first_building Monastery |
| 39:13 | GEvans7 · first_market_buy 100 stone |
| 39:21 | GEvans7 · wall_segment Stone Wall x3 |
| 39:22 | 捣蛋猫爱导弹 · first_building Barracks |
| 39:24 | Maranga45 · first_building Stable |
| 42:14 | Clodion · wall_segment Stone Wall x33 |
| 43:22 | 捣蛋猫爱导弹 · first_building Siege Workshop |
| 43:30 | Maranga45 · wall_segment Stone Wall x9 |
| 45:49 | Clodion · wall_segment Stone Wall x17 |
| 50:03 | Clodion · first_building Siege Workshop |
| 50:11 | Maranga45 · first_building Siege Workshop |
| 53:47 | Maranga45 · wall_segment Stone Wall x16 |
| 55:11 | yandjin.xyz · resign |
[ AI ANALYSIS · 1 CREDIT ]
What really happened in this match?
Wolo.gg analyzes every decision: build order, eco, micro, common mistakes by bracket. Personalized analysis on WhatsApp or Discord in 30 seconds.
Civ guide
Incas
Perfil
Jugador #18643433